[Event "HUN-ch U8-U18 2019"]
[Site "Balatonlelle"]
[Date "2019.06.24"]
[Round "4.24"]
[White "Buri, Kata"]
[Black "Molnar, Liza Dorottya"]
[Result "1-0"]
[ECO "B28"]
[WhiteElo "1393"]
[BlackElo "1559"]
[Annotator "NA"]
[PlyCount "103"]
[EventDate "2019.06.21"]
[EventType "swiss"]
[EventCountry "HUN"]
[SourceTitle "playchess.com"]
[Source "ChessBase"]
[SourceQuality "1"]
[TimeControl "40/5400+30:1800+30"]

1. e4 c5 2. Nf3 a6 3. c3 g6 4. d4 cxd4 5. cxd4 d5 6. e5 Nc6 7. Nc3 Bg7 8. Be2 e6 9. Bf4 Nge7 10. Qd2 h5 11. h3 Nf5 12. a3 Qb6 13. Na4 Qa5 14. Nc3 b5 15. Ra2 Qb6 16. Be3 Bb7 17. O-O O-O 18. Rd1 Nxe3 19. Qxe3 Rac8 20. Bd3 Na5 21. Qg5 Qd8 22. Qg3 Nc6 23. Bc2 Ne7 24. Qf4 a5 25. Bd3 b4 26. axb4 axb4 27. Nb5 Qb6 28. Nd6 Rc7 29. g4 hxg4 30. hxg4 Nc8 31. Kg2 Nxd6 32. exd6 Rd7 33. Ne5 Qxd6 34. Rh1 Re8 35. Qh2 Rc7 36. Bxg6 fxg6 37. Qh7+ Kf8 38. Nxg6+ Kf7 39. Qh5 Kg8 40. Nh8 Qd7 41. Qh7+ Kf8 42. Ng6+ Kf7 43. Ne5+ Kf8 44. Nxd7+ Rxd7 45. Rh6 Rf7 46. Rg6 Bxd4 47. Rg8+ Ke7 48. Rxe8+ Kxe8 49. Qg8+ Ke7 50. b3 Rg7 51. Qb8 Kf6 52. Qf4+ 1-0

[Event "HUN-ch U8-U18 2019"]
[Site "Balatonlelle"]
[Date "2019.06.24"]
[Round "4.25"]
[White "Andras, Ferenc"]
[Black "Konyves, Almos"]
[Result "0-1"]
[ECO "B43"]
[WhiteElo "1329"]
[BlackElo "2125"]
[Annotator "NA"]
[PlyCount "90"]
[EventDate "2019.06.21"]
[EventType "swiss"]
[EventCountry "HUN"]
[SourceTitle "playchess.com"]
[Source "ChessBase"]
[SourceQuality "1"]
[TimeControl "40/5400+30:1800+30"]

1. e4 c5 2. Nf3 e6 3. d4 cxd4 4. Nxd4 a6 5. Nc3 Qc7 6. Be3 b5 7. a3 Bb7 8. f3 Nf6 9. Qd2 d6 10. O-O-O Be7 11. h4 O-O 12. g4 Nc6 13. Nxc6 Bxc6 14. h5 Rfd8 15. g5 Ne8 16. Qh2 Qa5 17. Na2 d5 18. Bd2 Qb6 19. Bd3 dxe4 20. Bxe4 Rac8 21. Qg2 Bxe4 22. fxe4 Qc5 23. Bb4 Qxg5+ 24. Qxg5 Bxg5+ 25. Kb1 Nf6 26. Rxd8+ Rxd8 27. Be7 Rd4 28. Bxf6 Bxf6 29. Nc3 Rc4 30. Rh3 Bxc3 31. bxc3 Rxe4 32. Kb2 f5 33. Rf3 f4 34. Kc1 Kf7 35. Kd2 Ke7 36. Kd3 Re3+ 37. Rxe3 fxe3 38. Kxe3 g5 39. hxg6 hxg6 40. Kf4 Kd6 41. Ke4 g5 42. Kf3 e5 43. Ke3 g4 44. Ke2 e4 45. Kf2 Kc5 0-1

[Event "HUN-ch U8-U18 2019"]
[Site "Balatonlelle"]
[Date "2019.06.24"]
[Round "4.26"]
[White "Zsaki, Akos"]
[Black "Petyko, Martin"]
[Result "1-0"]
[ECO "C01"]
[WhiteElo "1432"]
[BlackElo "1248"]
[Annotator "NA"]
[PlyCount "63"]
[EventDate "2019.06.21"]
[EventType "swiss"]
[EventCountry "HUN"]
[SourceTitle "playchess.com"]
[Source "ChessBase"]
[SourceQuality "1"]
[TimeControl "40/5400+30:1800+30"]

1. e4 e6 2. d4 d5 3. exd5 exd5 4. Nf3 Nf6 5. Bd3 c5 6. c3 Nc6 7. O-O b6 8. Bf4 Bg4 9. Bb5 Bd7 10. Qe2+ Be7 11. Ne5 Nxe5 12. Bxe5 O-O 13. Bxd7 Qxd7 14. Nd2 Rfe8 15. Qd3 Qc6 16. Rfe1 Bd6 17. Bxf6 Bxh2+ 18. Kxh2 Qxf6 19. Re2 Rxe2 20. Qxe2 cxd4 21. Re1 h6 22. cxd4 Qxd4 23. Nf3 Qa4 24. b3 Qc6 25. Qe7 a5 26. Qxf7+ Kxf7 27. Ne5+ Kf6 28. Nxc6 Rc8 29. Nd4 Rc5 30. Re6+ Kf7 31. Rc6 Rxc6 32. Nxc6 1-0

[Event "HUN-ch U8-U18 2019"]
[Site "Balatonlelle"]
[Date "2019.06.24"]
[Round "4.27"]
[White "Giang, Tran Nam"]
[Black "Matyassy, Lazar"]
[Result "1-0"]
[ECO "B42"]
[WhiteElo "2008"]
[BlackElo "1539"]
[Annotator "NA"]
[PlyCount "45"]
[EventDate "2019.06.21"]
[EventType "swiss"]
[EventCountry "HUN"]
[SourceTitle "playchess.com"]
[Source "ChessBase"]
[SourceQuality "1"]
[TimeControl "40/5400+30:1800+30"]

1. e4 c5 2. Nf3 e6 3. d4 cxd4 4. Nxd4 a6 5. Bd3 Bc5 6. Nb3 Ba7 7. O-O Nc6 8. Nc3 Nf6 9. Kh1 O-O 10. Bg5 d6 11. f4 b5 12. Qf3 b4 13. Ne2 e5 14. Qg3 Nh5 15. Qh4 f6 16. Bc4+ Kh8 17. Qxh5 fxg5 18. fxg5 Bb7 19. Ng3 Ne7 20. Rxf8+ Qxf8 21. Rf1 Qc8 22. Qf7 Qd8 23. Nh5 1-0

[Event "HUN-ch U8-U18 2019"]
[Site "Balatonlelle"]
[Date "2019.06.24"]
[Round "4.28"]
[White "Csernyik, Mark"]
[Black "Lehocz, Jozsef Jr."]
[Result "1/2-1/2"]
[ECO "B01"]
[WhiteElo "1704"]
[BlackElo "1382"]
[Annotator "NA"]
[PlyCount "62"]
[EventDate "2019.06.21"]
[EventType "swiss"]
[EventCountry "HUN"]
[SourceTitle "playchess.com"]
[Source "ChessBase"]
[SourceQuality "1"]
[TimeControl "40/5400+30:1800+30"]

1. e4 d5 2. exd5 Qxd5 3. Nc3 Qd6 4. d4 Nf6 5. Nf3 Bg4 6. h3 Bxf3 7. Qxf3 c6 8. Be3 Nbd7 9. O-O-O Nb6 10. Bf4 Qd7 11. Ne4 Nxe4 12. Qxe4 e6 13. Be5 Qd5 14. Qxd5 Nxd5 15. g4 Nf6 16. Bd3 h6 17. f3 Rd8 18. h4 Bd6 19. g5 Bxe5 20. dxe5 Nd7 21. f4 Ke7 22. Rdg1 Nc5 23. Rg3 hxg5 24. fxg5 Nxd3+ 25. cxd3 Rd4 26. h5 Rd5 27. Re3 f6 28. exf6+ gxf6 29. gxf6+ Kxf6 30. Reh3 Rh6 31. Kd2 Re5 1/2-1/2

[Event "HUN-ch U8-U18 2019"]
[Site "Balatonlelle"]
[Date "2019.06.24"]
[Round "4.29"]
[White "Pasti, Zsombor"]
[Black "Panda, Barnabas"]
[Result "0-1"]
[ECO "B21"]
[WhiteElo "1641"]
[BlackElo "1722"]
[Annotator "NA"]
[PlyCount "72"]
[EventDate "2019.06.21"]
[EventType "swiss"]
[EventCountry "HUN"]
[SourceTitle "playchess.com"]
[Source "ChessBase"]
[SourceQuality "1"]
[TimeControl "40/5400+30:1800+30"]

1. e4 c5 2. d4 cxd4 3. c3 dxc3 4. Nxc3 Nc6 5. Nf3 d6 6. Bc4 e6 7. O-O a6 8. a3 Be7 9. Qe2 b5 10. Ba2 Ra7 11. b4 Nf6 12. Rd1 Rd7 13. Ng5 Rc7 14. Be3 Rb7 15. Qf3 Ne5 16. Qe2 h6 17. Nf3 Nxf3+ 18. Qxf3 Rd7 19. a4 bxa4 20. Nxa4 Bb7 21. Qg3 Nxe4 22. Qxg7 Bf6 23. Qg4 Bxa1 24. Rxa1 Nf6 25. Qd4 Rg8 26. g3 Ng4 27. Bd2 Ne5 28. Qe3 Nf3+ 29. Kf1 Nxh2+ 30. Kg1 Nf3+ 31. Kf1 Nxd2+ 32. Qxd2 Qf6 33. Rd1 Qf3 34. Rc1 Rxg3 35. Bd5 Bxd5 36. Qxh6 Rg1+ 0-1

[Event "HUN-ch U8-U18 2019"]
[Site "Balatonlelle"]
[Date "2019.06.24"]
[Round "4.30"]
[White "Csontos, Aron"]
[Black "Foldes, Marton Gabor"]
[Result "0-1"]
[ECO "B22"]
[WhiteElo "1376"]
[BlackElo "1653"]
[Annotator "NA"]
[PlyCount "80"]
[EventDate "2019.06.21"]
[EventType "swiss"]
[EventCountry "HUN"]
[SourceTitle "playchess.com"]
[Source "ChessBase"]
[SourceQuality "1"]
[TimeControl "40/5400+30:1800+30"]

1. e4 c5 2. c3 Nf6 3. e5 Nd5 4. Bc4 Nb6 5. Bb3 d5 6. d4 cxd4 7. cxd4 Bf5 8. Nf3 e6 9. Nc3 Nc6 10. O-O Be7 11. Re1 O-O 12. Bf4 Rc8 13. Bc2 Bxc2 14. Qxc2 Nb4 15. Qd1 Nc4 16. b3 Nb2 17. Qb1 N2d3 18. Bd2 Nxe1 19. Bxe1 g5 20. h3 Kh8 21. a3 Nc6 22. Bd2 Rg8 23. g4 Qb6 24. Qc1 h6 25. b4 Nxd4 26. Be3 Nxf3+ 27. Kg2 Nh4+ 28. Kg1 d4 29. Bd2 Nf3+ 30. Kg2 Nxd2 31. Qxd2 dxc3 32. Qd7 Qc6+ 33. Qxc6 Rxc6 34. Rd1 c2 35. Rd7 c1=Q 36. Rxe7 Qf4 37. b5 Rc2 38. Rxf7 Qxf7 39. Kh1 Qxf2 40. h4 Rc1# 0-1

[Event "HUN-ch U8-U18 2019"]
[Site "Balatonlelle"]
[Date "2019.06.24"]
[Round "4.31"]
[White "Nagy, Levente"]
[Black "Karacsonyi, Bank"]
[Result "0-1"]
[ECO "B34"]
[WhiteElo "2092"]
[BlackElo "1529"]
[Annotator "NA"]
[PlyCount "80"]
[EventDate "2019.06.21"]
[EventType "swiss"]
[EventCountry "HUN"]
[SourceTitle "playchess.com"]
[Source "ChessBase"]
[SourceQuality "1"]
[TimeControl "40/5400+30:1800+30"]

1. e4 c5 2. Nf3 Nc6 3. d4 cxd4 4. Nxd4 Nf6 5. Nc3 e5 6. Nf3 Bb4 7. Bd3 d5 8. exd5 Nxd5 9. Bd2 Nxc3 10. Bxc3 Bxc3+ 11. bxc3 O-O 12. O-O Be6 13. Re1 f6 14. Qe2 Re8 15. Rad1 Qa5 16. Rb1 Re7 17. Be4 Qxc3 18. Ra1 Bg4 19. Red1 Nd4 20. Qe3 Bxf3 21. gxf3 Qc4 22. c3 Ne2+ 23. Kh1 Nf4 24. Rd2 Rc8 25. Rc1 b6 26. Bc2 Kh8 27. Bb3 Qc7 28. Qe4 Rf8 29. Rcd1 f5 30. Qxf5 Rc8 31. h4 Qxc3 32. Rd8+ Re8 33. Rxe8+ Rxe8 34. Qe4 Qc5 35. Qe3 Qe7 36. Kg1 Qxh4 37. Rd7 Qh3 38. Qxf4 exf4 39. Rd1 Qxf3 40. Ba4 g5 0-1

[Event "HUN-ch U8-U18 2019"]
[Site "Balatonlelle"]
[Date "2019.06.24"]
[Round "4.32"]
[White "Megyeri, Martin"]
[Black "Biro, Daniel"]
[Result "1/2-1/2"]
[ECO "C18"]
[WhiteElo "1520"]
[BlackElo "1343"]
[Annotator "NA"]
[PlyCount "51"]
[EventDate "2019.06.21"]
[EventType "swiss"]
[EventCountry "HUN"]
[SourceTitle "playchess.com"]
[Source "ChessBase"]
[SourceQuality "1"]
[TimeControl "40/5400+30:1800+30"]

1. e4 e6 2. d4 d5 3. Nc3 Bb4 4. e5 c5 5. a3 Bxc3+ 6. bxc3 Qa5 7. Bd2 Nc6 8. Qg4 g6 9. Ne2 Nge7 10. g3 Nf5 11. Bg2 Qa4 12. Rc1 cxd4 13. Qf4 Qxa3 14. cxd4 Qa4 15. c3 Qc4 16. g4 Nfe7 17. Qf6 Rg8 18. Qf3 a5 19. O-O a4 20. Ra1 Qb3 21. Rfb1 Qc2 22. Bg5 a3 23. Rc1 Qb2 24. Rcb1 Qc2 25. Rc1 Qb2 26. Rcb1 1/2-1/2

[Event "HUN-ch U8-U18 2019"]
[Site "Balatonlelle"]
[Date "2019.06.24"]
[Round "4.34"]
[White "Porpaczy, Marton"]
[Black "Vadkerti, Vince"]
[Result "0-1"]
[ECO "B76"]
[WhiteElo "1058"]
[BlackElo "1558"]
[Annotator "NA"]
[PlyCount "152"]
[EventDate "2019.06.21"]
[EventType "swiss"]
[EventCountry "HUN"]
[SourceTitle "playchess.com"]
[Source "ChessBase"]
[SourceQuality "1"]
[TimeControl "40/5400+30:1800+30"]

1. e4 c5 2. Nf3 g6 3. d4 cxd4 4. Nxd4 Nc6 5. Nc3 Bg7 6. Be3 Nf6 7. f3 O-O 8. Qd2 d6 9. O-O-O Bd7 10. g4 Nxd4 11. Bxd4 Qa5 12. h4 b5 13. Kb1 b4 14. Ne2 Be6 15. b3 Qa3 16. Bb2 Nxe4 17. Bxa3 Nxd2+ 18. Rxd2 bxa3 19. Nd4 Bxd4 20. Rxd4 Bd7 21. Bc4 a5 22. Re1 Rae8 23. Bf1 Bc6 24. Bg2 f5 25. g5 Kf7 26. Rc4 Rc8 27. Rc3 Bb7 28. Rce3 e5 29. Rd3 Ke7 30. Bh3 Rc6 31. f4 e4 32. Rd2 Ba6 33. Bf1 Bxf1 34. Rxf1 Ke6 35. c4 Rb8 36. Kc2 a4 37. Re1 axb3+ 38. axb3 Rcb6 39. Red1 a2 40. Ra1 Rxb3 41. Rxa2 R3b7 42. Ra6 Rb2+ 43. Kd1 Rxd2+ 44. Kxd2 Rd8 45. Rb6 Rd7 46. Ke3 Rc7 47. Kd4 Ra7 48. Kc3 Ra3+ 49. Kd2 Ra2+ 50. Ke3 Rc2 51. Kd4 Rd2+ 52. Ke3 Rd3+ 53. Ke2 Rc3 54. Rb7 Rxc4 55. Rxh7 Rc2+ 56. Kd1 Rh2 57. Rg7 Rxh4 58. Rxg6+ Ke7 59. Rg7+ Ke6 60. Rg6+ Kd5 61. Rg8 Rxf4 62. g6 Rg4 63. g7 f4 64. Ke1 f3 65. Kf2 Rg2+ 66. Kf1 Kd4 67. Rd8 Rxg7 68. Rxd6+ Ke5 69. Rb6 e3 70. Rb5+ Kf4 71. Rb4+ Kg3 72. Re4 e2+ 73. Ke1 Rd7 74. Rd4 f2+ 75. Kxe2 f1=Q+ 76. Kxf1 Rxd4 0-1

[Event "HUN-ch U8-U18 2019"]
[Site "Balatonlelle"]
[Date "2019.06.24"]
[Round "4.35"]
[White "Berla, Zoltan Mate"]
[Black "Havasi, Gergely Bulcsu"]
[Result "0-1"]
[ECO "B12"]
[WhiteElo "1098"]
[BlackElo "1486"]
[Annotator "NA"]
[PlyCount "82"]
[EventDate "2019.06.21"]
[EventType "swiss"]
[EventCountry "HUN"]
[SourceTitle "playchess.com"]
[Source "ChessBase"]
[SourceQuality "1"]
[TimeControl "40/5400+30:1800+30"]

1. e4 c6 2. d4 d6 3. Nf3 Bg4 4. Be2 Nf6 5. Nc3 Nbd7 6. h3 Bxf3 7. Bxf3 h6 8. Be3 e5 9. Qd2 Be7 10. O-O-O exd4 11. Bxd4 c5 12. Rhe1 cxd4 13. Qxd4 Qb6 14. Qd2 Ne5 15. Be2 Rc8 16. Bb5+ Nfd7 17. Bxd7+ Nxd7 18. Nd5 Qd8 19. f4 O-O 20. Nxe7+ Qxe7 21. g4 Nf6 22. e5 dxe5 23. Rxe5 Qc7 24. Rg1 Rfd8 25. Qe2 Qc4 26. Qxc4 Rxc4 27. Rf1 Rd5 28. Re7 Rdc5 29. c3 Rc7 30. Re5 a6 31. Kc2 R4c5 32. Re3 Nd5 33. Rd3 Nb4+ 34. Kd2 Nxd3 35. Kxd3 Rd7+ 36. Kc2 Rcd5 37. Rf2 b5 38. b3 a5 39. a3 Re7 40. f5 Re3 41. Rh2 Rdd3 0-1

[Event "HUN-ch U8-U18 2019"]
[Site "Balatonlelle"]
[Date "2019.06.24"]
[Round "5.1"]
[White "Geher, Koppany"]
[Black "Persanyi, Barnabas"]
[Result "1/2-1/2"]
[ECO "B32"]
[WhiteElo "2089"]
[BlackElo "2404"]
[Annotator "NA"]
[PlyCount "54"]
[EventDate "2019.06.21"]
[EventType "swiss"]
[EventCountry "HUN"]
[SourceTitle "playchess.com"]
[Source "ChessBase"]
[SourceQuality "1"]
[TimeControl "40/5400+30:1800+30"]

1. e4 c5 2. Nf3 Nc6 3. d4 cxd4 4. Nxd4 e5 5. Nb5 d6 6. N1c3 a6 7. Na3 Be6 8. Nc4 b5 9. Ne3 Nf6 10. g3 h5 11. h3 b4 12. Ncd5 Nxe4 13. Bg2 f5 14. g4 Rc8 15. gxf5 Bxd5 16. Nxd5 Nf6 17. Be3 Ne7 18. Nxe7 Bxe7 19. Qd3 Qa5 20. O-O d5 21. Rfd1 d4 22. Bd2 Qb5 23. f4 Qxd3 24. cxd3 exf4 25. Bxf4 O-O 26. Rac1 a5 27. Be5 Rc5 1/2-1/2

[Event "HUN-ch U8-U18 2019"]
[Site "Balatonlelle"]
[Date "2019.06.24"]
[Round "5.1"]
[White "Kasnya, Peter"]
[Black "Andras, Ferenc"]
[Result "1-0"]
[ECO "B01"]
[WhiteElo "1496"]
[BlackElo "1329"]
[Annotator "NA"]
[PlyCount "37"]
[EventDate "2019.06.21"]
[EventType "swiss"]
[EventCountry "HUN"]
[SourceTitle "playchess.com"]
[Source "ChessBase"]
[SourceQuality "1"]
[TimeControl "40/5400+30:1800+30"]

1. e4 d5 2. exd5 Qxd5 3. Nc3 Qd8 4. d4 Nf6 5. Be3 e6 6. Nf3 Bb4 7. Bd2 O-O 8. Bd3 Nc6 9. Ne2 Bxd2+ 10. Qxd2 b6 11. Ng3 Nxd4 12. Nxd4 Qxd4 13. Bxh7+ Kxh7 14. Qxd4 Bb7 15. O-O Rad8 16. Qh4+ Kg8 17. Rad1 Bd5 18. b3 c5 19. c4 1-0

[Event "HUN-ch U8-U18 2019"]
[Site "Balatonlelle"]
[Date "2019.06.24"]
[Round "5.2"]
[White "Pribelszky, Bence"]
[Black "Ongut, Tamas Gunes"]
[Result "0-1"]
[ECO "A05"]
[WhiteElo "2244"]
[BlackElo "2120"]
[Annotator "NA"]
[PlyCount "134"]
[EventDate "2019.06.21"]
[EventType "swiss"]
[EventCountry "HUN"]
[SourceTitle "playchess.com"]
[Source "ChessBase"]
[SourceQuality "1"]
[TimeControl "40/5400+30:1800+30"]

1. Nf3 Nf6 2. g3 g6 3. Bg2 Bg7 4. d4 O-O 5. O-O d6 6. Nc3 Nbd7 7. Bf4 Nh5 8. Bg5 h6 9. Be3 f5 10. Qd2 Kh7 11. d5 Ne5 12. Bd4 e6 13. Nxe5 dxe5 14. Bc5 Re8 15. d6 c6 16. e4 f4 17. Bf3 Nf6 18. gxf4 exf4 19. Qxf4 Nd7 20. Qe3 b6 21. Ba3 Rf8 22. Bg4 Ne5 23. Be2 c5 24. f4 Nc4 25. Qd3 Bd4+ 26. Kh1 Nxd6 27. e5 Bb7+ 28. Bf3 Bxc3 29. exd6 Bxf3+ 30. Rxf3 Bg7 31. Rg1 Qf6 32. Rfg3 c4 33. Qxg6+ Qxg6 34. Rxg6 Bd4 35. R1g4 h5 36. Rg3 Rxf4 37. Rxe6 h4 38. Re7+ Kh6 39. d7 hxg3 40. Re8 Rf1+ 41. Kg2 Rg1+ 42. Kh3 gxh2 43. Bf8+ Kg6 44. Kxh2 Rd1 45. Rxa8 Be5+ 46. Kh3 Rxd7 47. Ba3 Kf5 48. Rf8+ Ke4 49. Kg2 Rd2+ 50. Rf2 Ke3 51. Rxd2 Kxd2 52. c3 Kc2 53. Kf3 Kd3 54. Kg4 Ke4 55. Kg5 a5 56. Be7 b5 57. Bd8 a4 58. Be7 Bf4+ 59. Kf6 Bc1 60. Ba3 Kd3 61. Ke5 Kc2 62. Kd4 Bxb2 63. Bb4 Kb1 64. Kc5 Kxa2 65. Kxb5 Kb3 66. Be7 a3 67. Bxa3 Bxa3 0-1

[Event "HUN-ch U8-U18 2019"]
[Site "Balatonlelle"]
[Date "2019.06.24"]
[Round "5.2"]
[White "Szarka, Tibor"]
[Black "Vancsisin, Mark"]
[Result "1/2-1/2"]
[ECO "C50"]
[WhiteElo "1379"]
[BlackElo "1246"]
[Annotator "NA"]
[PlyCount "66"]
[EventDate "2019.06.21"]
[EventType "swiss"]
[EventCountry "HUN"]
[SourceTitle "playchess.com"]
[Source "ChessBase"]
[SourceQuality "1"]
[TimeControl "40/5400+30:1800+30"]

1. e4 e5 2. Nf3 Nc6 3. Bc4 Bc5 4. O-O Nf6 5. d3 d6 6. c3 Bb6 7. Bb3 Ne7 8. h3 Ng6 9. Re1 O-O 10. Nbd2 c6 11. Nf1 Nh5 12. Ne3 Ngf4 13. d4 Qf6 14. Kh2 Qg6 15. Qc2 exd4 16. cxd4 Re8 17. e5 dxe5 18. Nxe5 Qxc2 19. Bxf7+ Kf8 20. Nxc2 Rxe5 21. Rxe5 Kxf7 22. g3 Bc7 23. Bxf4 Nxf4 24. gxf4 Bxe5 25. fxe5 Be6 26. a3 Rd8 27. f4 Bb3 28. Rc1 Bxc2 29. Rxc2 Rxd4 30. Rf2 Ke6 31. h4 Rd3 32. Kg2 g6 33. Rf3 Rd2+ 1/2-1/2

[Event "HUN-ch U8-U18 2019"]
[Site "Balatonlelle"]
[Date "2019.06.24"]
[Round "5.3"]
[White "Dibusz, Domonkos"]
[Black "Papp, Bence"]
[Result "1/2-1/2"]
[ECO "B01"]
[WhiteElo "2067"]
[BlackElo "2094"]
[Annotator "NA"]
[PlyCount "55"]
[EventDate "2019.06.21"]
[EventType "swiss"]
[EventCountry "HUN"]
[SourceTitle "playchess.com"]
[Source "ChessBase"]
[SourceQuality "1"]
[TimeControl "40/5400+30:1800+30"]

1. e4 d5 2. exd5 Qxd5 3. Nc3 Qd6 4. d4 Nf6 5. Nf3 a6 6. Bc4 Nc6 7. Be3 Bg4 8. h3 Bh5 9. Qe2 e6 10. Bb3 O-O-O 11. O-O-O Nb4 12. Bg5 Nbd5 13. Ne4 Nxe4 14. Qxe4 Be7 15. Bxe7 Qxe7 16. Rhe1 Qd6 17. Bxd5 Qxd5 18. Qxd5 Rxd5 19. g4 Bg6 20. Ne5 Rhd8 21. c3 R5d6 22. f4 f6 23. Nc4 Rc6 24. Na5 Rcd6 25. Nb3 b6 26. Re3 Bf7 27. Rde1 Rd5 28. R3e2 1/2-1/2

[Event "HUN-ch U8-U18 2019"]
[Site "Balatonlelle"]
[Date "2019.06.24"]
[Round "5.3"]
[White "Petyko, Martin"]
[Black "Nagy, Botond"]
[Result "1/2-1/2"]
[ECO "D02"]
[WhiteElo "1248"]
[BlackElo "1104"]
[Annotator "NA"]
[PlyCount "49"]
[EventDate "2019.06.21"]
[EventType "swiss"]
[EventCountry "HUN"]
[SourceTitle "playchess.com"]
[Source "ChessBase"]
[SourceQuality "1"]
[TimeControl "40/5400+30:1800+30"]

1. d4 d5 2. Nf3 Bf5 3. g3 e6 4. Bg2 Bd6 5. c4 c6 6. Nc3 Nf6 7. b3 Nbd7 8. O-O O-O 9. Re1 Ne4 10. Bb2 Bb4 11. Rc1 Qa5 12. Nxe4 dxe4 13. Rf1 exf3 14. Bxf3 Be7 15. a3 Qc7 16. e4 Bh3 17. Re1 e5 18. d5 Bg5 19. Rc2 Bf6 20. Bg4 Bxg4 21. Qxg4 Nc5 22. Re3 Qd7 23. Qd1 Rfe8 24. b4 Na6 25. f4 1/2-1/2

[Event "HUN-ch U8-U18 2019"]
[Site "Balatonlelle"]
[Date "2019.06.24"]
[Round "5.4"]
[White "Palczert, Botond"]
[Black "Tapodi, Norman Lajos"]
[Result "1/2-1/2"]
[ECO "E38"]
[WhiteElo "2068"]
[BlackElo "2043"]
[Annotator "NA"]
[PlyCount "30"]
[EventDate "2019.06.21"]
[EventType "swiss"]
[EventCountry "HUN"]
[SourceTitle "playchess.com"]
[Source "ChessBase"]
[SourceQuality "1"]
[TimeControl "40/5400+30:1800+30"]

1. d4 Nf6 2. c4 e6 3. Nc3 Bb4 4. Qc2 c5 5. e3 O-O 6. a3 Bxc3+ 7. bxc3 d6 8. Nf3 Nc6 9. Bd3 h6 10. O-O e5 11. Bb2 Re8 12. Nd2 Qe7 13. Ne4 Nxe4 14. Bxe4 Rf8 15. Bxc6 bxc6 1/2-1/2

[Event "HUN-ch U8-U18 2019"]
[Site "Balatonlelle"]
[Date "2019.06.24"]
[Round "5.4"]
[White "Denes, Mark"]
[Black "Apjok, Balazs"]
[Result "0-1"]
[ECO "B34"]
[WhiteElo "1239"]
[BlackElo "1190"]
[Annotator "NA"]
[PlyCount "64"]
[EventDate "2019.06.21"]
[EventType "swiss"]
[EventCountry "HUN"]
[SourceTitle "playchess.com"]
[Source "ChessBase"]
[SourceQuality "1"]
[TimeControl "40/5400+30:1800+30"]

1. e4 c5 2. Nf3 Nc6 3. d4 cxd4 4. Nxd4 Nf6 5. Nc3 e5 6. Nxc6 bxc6 7. a3 a5 8. Bc4 Bc5 9. O-O O-O 10. Kh1 d6 11. f4 Ng4 12. f5 Qh4 13. h3 Nf2+ 14. Rxf2 Bxf2 15. Qxd6 Bxf5 16. Bxf7+ Rxf7 17. exf5 Rxf5 18. Qe6+ Rf7 19. Qxc6 Rff8 20. Qe6+ Kh8 21. Qxe5 Rae8 22. Qg5 Re1+ 23. Kh2 Bg1+ 24. Kh1 Be3+ 25. Kh2 Bxg5 26. Bxg5 Qxg5 27. Rxe1 h6 28. b4 axb4 29. axb4 Qd2 30. Rg1 Qxc3 31. g4 Rf2+ 32. Kh1 Qxh3# 0-1

[Event "HUN-ch U8-U18 2019"]
[Site "Balatonlelle"]
[Date "2019.06.24"]
[Round "5.5"]
[White "Karacsonyi, Gellert"]
[Black "Baski, Barnabas"]
[Result "1-0"]
[ECO "B32"]
[WhiteElo "2304"]
[BlackElo "2108"]
[Annotator "NA"]
[PlyCount "123"]
[EventDate "2019.06.21"]
[EventType "swiss"]
[EventCountry "HUN"]
[SourceTitle "playchess.com"]
[Source "ChessBase"]
[SourceQuality "1"]
[TimeControl "40/5400+30:1800+30"]

1. e4 c5 2. Nf3 Nc6 3. d4 cxd4 4. Nxd4 Qb6 5. Nb3 Nf6 6. Bd3 e6 7. O-O Qc7 8. f4 d6 9. Qe2 Be7 10. Nc3 a6 11. Bd2 b5 12. Rae1 Bb7 13. Kh1 h5 14. f5 e5 15. Bg5 Nb8 16. Bxf6 Bxf6 17. Nd5 Bxd5 18. exd5 Nd7 19. c4 b4 20. c5 Nxc5 21. Nxc5 dxc5 22. Bxa6 Ke7 23. d6+ Qxd6 24. Bb5 Rad8 25. Rd1 Qb6 26. Rxd8 Rxd8 27. Bc4 Rd4 28. b3 g6 29. fxg6 fxg6 30. Qe3 Qd6 31. Qh6 Rf4 32. Re1 Qd2 33. Qh7+ Kd8 34. Qg8+ Kc7 35. Qf7+ Kd8 36. Qf8+ Kd7 37. Rg1 Qd6 38. Qa8 Bd8 39. Re1 Ke7 40. g3 Rf8 41. Qe4 Bc7 42. Bd5 Qa6 43. Qh4+ Qf6 44. Qc4 Qf2 45. Rd1 Rf6 46. Bg2 Qe3 47. Qg8 Qe2 48. Rg1 Rf2 49. Qg7+ Kd8 50. Qg8+ Ke7 51. Qd5 Qd2 52. Qxc5+ Bd6 53. Qc6 Re2 54. Qb7+ Kd8 55. Qa8+ Ke7 56. Qb7+ Kd8 57. Qf3 Re1 58. Bf1 Bc5 59. Qf6+ Kc7 60. Qf7+ Qd7 61. Qxd7+ Kxd7 62. Bb5+ 1-0

[Event "HUN-ch U8-U18 2019"]
[Site "Balatonlelle"]
[Date "2019.06.24"]
[Round "5.6"]
[White "Leszko, Bence"]
[Black "Virag, Balint"]
[Result "1/2-1/2"]
[ECO "A05"]
[WhiteElo "2135"]
[BlackElo "2173"]
[Annotator "NA"]
[PlyCount "119"]
[EventDate "2019.06.21"]
[EventType "swiss"]
[EventCountry "HUN"]
[SourceTitle "playchess.com"]
[Source "ChessBase"]
[SourceQuality "1"]
[TimeControl "40/5400+30:1800+30"]

1. Nf3 Nf6 2. c4 g6 3. Nc3 Bg7 4. g3 d5 5. cxd5 Nxd5 6. Bg2 Nb6 7. O-O O-O 8. d3 Bd7 9. Be3 Bc6 10. Qd2 Re8 11. Bh6 Bh8 12. Rac1 N8d7 13. Rfd1 Nf6 14. h3 Nfd5 15. e4 Nf6 16. Qe2 e5 17. Bg5 Qd7 18. Rd2 Bg7 19. Rcd1 h6 20. Bxf6 Bxf6 21. d4 exd4 22. Nxd4 Bxd4 23. Rxd4 Qe7 24. Qd2 Kg7 25. Kh2 Rac8 26. Ne2 Nd7 27. Rxd7 Qxd7 28. Qxd7 Bxd7 29. Rxd7 Red8 30. Rd4 Rxd4 31. Nxd4 Rd8 32. Nb3 Rd1 33. e5 Rb1 34. Bxb7 Rxb2 35. Kg2 Rxa2 36. Bc6 Re2 37. Nd4 Rxe5 38. Nb5 a6 39. Nxc7 Rc5 40. Ne8+ Kf8 41. Bb7 Kxe8 42. Bxa6 Rc3 43. Be2 Ke7 44. Bf3 Kd6 45. h4 Ke5 46. Bb7 Kd4 47. Kh3 f6 48. Kg4 Kd3 49. h5 Rc5 50. hxg6 Rg5+ 51. Kf3 Kd4 52. Kf4 Rxg6 53. Kf5 Rg5+ 54. Kxf6 Kd3 55. f4 Rxg3 56. f5 Kd4 57. Ke6 Re3+ 58. Kd6 Rb3 59. Bc6 Rb2 60. f6 {[%emt 0:00:14] Ke5+} 1/2-1/2

[Event "HUN-ch U8-U18 2019"]
[Site "Balatonlelle"]
[Date "2019.06.24"]
[Round "5.7"]
[White "Fule, Simon"]
[Black "Borhy, Marcell"]
[Result "0-1"]
[ECO "B07"]
[WhiteElo "2148"]
[BlackElo "2374"]
[Annotator "NA"]
[PlyCount "58"]
[EventDate "2019.06.21"]
[EventType "swiss"]
[EventCountry "HUN"]
[SourceTitle "playchess.com"]
[Source "ChessBase"]
[SourceQuality "1"]
[TimeControl "40/5400+30:1800+30"]

1. e4 d6 2. d4 Nf6 3. Nc3 Nbd7 4. f4 e5 5. Nf3 exd4 6. Qxd4 c6 7. Be3 d5 8. exd5 Bc5 9. Qd3 Qe7 10. Nd4 Nb6 11. O-O-O Nbxd5 12. Nxd5 Nxd5 13. Bd2 O-O 14. c4 Qf6 15. Ne2 Nb4 16. Bxb4 Bxb4 17. Qd4 Qe7 18. Rd3 Bc5 19. Qc3 Bf5 20. Rg3 f6 21. Ng1 Rfe8 22. Bd3 Bb4 23. Qc2 Qe1+ 24. Qd1 Qxd1+ 25. Kxd1 Rad8 26. Kc2 Rxd3 27. Rxd3 Bxd3+ 28. Kxd3 Re1 29. Kd4 b6 0-1

[Event "HUN-ch U8-U18 2019"]
[Site "Balatonlelle"]
[Date "2019.06.24"]
[Round "5.7"]
[White "Csajbok, Levente Tamas"]
[Black "Kovacsy, Barnabas"]
[Result "1/2-1/2"]
[ECO "B49"]
[WhiteElo "1985"]
[BlackElo "2136"]
[Annotator "NA"]
[PlyCount "46"]
[EventDate "2019.06.21"]
[EventType "swiss"]
[EventCountry "HUN"]
[SourceTitle "playchess.com"]
[Source "ChessBase"]
[SourceQuality "1"]
[TimeControl "40/5400+30:1800+30"]

1. e4 c5 2. Nf3 Nc6 3. d4 cxd4 4. Nxd4 e6 5. Nc3 Qc7 6. Be3 a6 7. Be2 Nf6 8. O-O Bb4 9. Na4 Be7 10. Nxc6 bxc6 11. Nb6 Rb8 12. Nxc8 Qxc8 13. Bd4 c5 14. Be5 Rb6 15. Qd3 d6 16. Bc3 O-O 17. b3 Nd7 18. f4 Bf6 19. Bxf6 Nxf6 20. c4 Nd7 21. Bg4 Qc7 22. Rad1 Nf6 23. Bh3 e5 1/2-1/2